Map: Abyssal Reef LE

Players

Kelazhur - Winner!

  • Race: Terran Terran
  • Spawn Location: 5:00

Neeb

  • Race: Protoss Protoss
  • Spawn Location: 11:00

Event: WCS Austin 2017

VOD

Have the link to the VOD?

Description

Time

  • Played on: April 28, 2017, 9:09 p.m.
  • Length: 13:09

All games in this series

Show
View Real Time Build Order
Export as new Build Order

Kelazhur Terran - Winner!

Build Orders: Cyclone Opening, MMM Bio 

Get SALT Encoding   

  12  0:01  SCV  
  13  0:13  SCV  
  14  0:18  Supply Depot  
  14  0:25  SCV  
  15  0:40  SCV  
  16  0:42  Barracks  
  16  0:47  Refinery  
  16  0:52  SCV  
  17  0:57  Refinery  
  17  1:04  SCV  
  18  1:16  SCV  
  19  1:29  Reaper, Orbital Command  
  20  1:32  Supply Depot  
  20  1:51  Factory  
  20  1:56  SCV  
  21  2:01  Reaper  
  21  2:08  SCV  
  23  2:20  SCV  
  24  2:25  Supply Depot  
  24  2:32  SCV  
  24  2:36  Cyclone  
  28  2:38  Starport  
  28  2:44  SCV  
  29  2:56  SCV  
  30  2:59  Liberator  
  30  3:06  Supply Depot  
  30  3:09  Cyclone, SCV  
  37  3:21  SCV  
  38  3:37  Command Center  
  38  3:38  SCV  
  38  3:50  SCV  
  38  3:52  Cyclone  
  42  3:56  Barracks  
  42  3:59  Starport Tech Lab  
  42  4:07  SCV  
  43  4:18  Barracks  
  43  4:19  Cloaking Field, SCV  
  41  4:25  Banshee  
  41  4:29  Widow Mine  
  44  4:31  SCV  
  44  4:43  SCV  
  44  4:48  Barracks Tech Lab  
  44  4:49  Orbital Command  
  44  4:50  Barracks Reactor  
  43  4:54  Engineering Bay  
  43  5:07  Banshee  
  43  5:09  SCV  
  47  5:14  Refinery  
  47  5:15  Stimpack  
  47  5:17  Marine x2  
  47  5:19  SCV  
  47  5:24  Missile Turret  
  47  5:27  Marine x2  
  47  5:28  SCV  
  50  5:32  SCV  
  51  5:37  Marine x2  
  51  5:38  Supply Depot  
  51  5:40  Terran Infantry Weapons Level 1, SCV  
  54  5:44  SCV  
  55  5:50  Marine  
  55  5:52  SCV  
  55  5:55  Marine  
  55  5:56  SCV  
  60  5:58  Banshee  
  60  5:59  Marine  
  60  6:00  Factory Reactor  
  60  6:04  SCV  
  60  6:08  Marine  
  60  6:09  Marine  
  60  6:10  SCV  
  61  6:12  Barracks  
  61  6:14  Marine  
  61  6:15  Barracks  
  61  6:17  Marine, SCV  
  64  6:19  Missile Turret  
  64  6:24  SCV  
  65  6:26  Marine x2  
  65  6:29  Supply Depot  
  65  6:30  SCV  
  66  6:36  SCV  
  61  6:42  SCV  
  61  6:45  Banshee  
  61  6:46  Marine x3  
  67  6:47  Marine  
  67  6:48  SCV  
  69  6:54  SCV  
  69  7:00  SCV  
  71  7:04  Supply Depot, Marine x3  
  71  7:06  SCV  
  75  7:12  SCV  
  75  7:15  Barracks Tech Lab  
  73  7:17  Combat Shields, Marine  
  73  7:18  SCV  
  73  7:22  Marine  
  76  7:24  Marine x2  
  76  7:25  SCV  
  80  7:30  SCV  
  80  7:31  Supply Depot, Banshee  
  81  7:37  Terran Infantry Armor Level 1, SCV  
  81  7:40  Starport  
  81  7:41  Barracks Reactor, Marine x3  
  81  7:42  Marine  
  86  7:46  Barracks Tech Lab  
  85  7:54  SCV x2  
  87  8:00  Marauder  
  87  8:01  Marine x2  
  87  8:02  Refinery  
  87  8:03  Marauder  
  93  8:06  Supply Depot  
  93  8:14  Marauder  
  79  8:20  Marine x2  
  79  8:21  Marine x2  
  79  8:22  SCV x2  
  79  8:25  Marine x2  
  85  8:29  Banshee  
  85  8:35  Engineering Bay, Marine  
  85  8:36  Armory  
  85  8:38  Marine x2  
  85  8:39  Marine  
  89  8:41  Marine  
  89  8:42  Marine  
  89  8:43  Widow Mine  
  89  8:44  Medivac  
  95  8:48  Medivac  
  95  8:49  Marine  
  95  8:55  Supply Depot  
  98  9:02  Marine  
  97  9:11  Widow Mine  
  97  9:14  Command Center  
  97  9:15  Marine x2  
  97  9:16  Marine x2  
  103  9:18  Marine x2  
  103  9:23  Marine  
  96  9:33  Marine x2  
  96  9:34  Marine  
  96  9:35  Terran Infantry Weapons Level 2  
  96  9:37  Terran Infantry Armor Level 2  
  99  9:38  Marine  
  99  9:40  Medivac  
  101  9:49  Marine  
  101  9:51  Marine  
  103  9:56  Marine  
  103  9:59  Marine  
  101  10:00  Marine x3  
  101  10:05  Medivac  
  101  10:06  Marine  
  108  10:09  Marine  
  107  10:14  Marine  
  107  10:17  Marine x2  
  110  10:31  Medivac  
  112  10:35  Medivac  
  112  10:42  Marine x3  
  117  10:43  Marauder  
  117  10:48  Marauder, Marine x2  
  123  10:52  SCV x2, Orbital Command  
  125  11:04  Missile Turret, Marauder  
  118  11:19  Marine  
  118  11:20  Widow Mine, Marauder  
  118  11:22  Marine x3  
  118  11:25  Medivac x2  
  114  11:39  Marine x2  
  117  11:40  Marauder, Marine  
  117  11:44  Ghost Academy  
  119  11:49  Widow Mine  
  120  11:55  Medivac x2  
  120  11:58  Marauder  
  120  11:59  Supply Depot  
  125  12:08  Marauder, Marine  
  119  12:13  Marine  
  119  12:15  Marine  
  91  12:17  Widow Mine  
  91  12:19  Marauder  
  91  12:21  Marine  
  91  12:22  Marine  
  81  12:25  Marine  
  81  12:29  Marine  
  74  12:30  Marine  
  74  12:33  Marine  
  74  12:39  Marine x2  
  74  12:40  Marine  
  74  12:43  Marine  
  76  12:47  Marine  
  76  12:48  Marine  
  76  12:50  Marine  
Show
View Real Time Build Order
Export as new Build Order

Neeb Protoss 

Build Orders: 1 Gate Expand, Oracle Opening 

Get SALT Encoding   

  12  0:01  Probe (Chrono Boost)  
  13  0:12  Probe (Chrono Boost)  
  14  0:18  Pylon  
  14  0:22  Probe (Chrono Boost)  
  15  0:36  Probe (Chrono Boost), Gateway  
  15  0:42  Assimilator  
  16  0:46  Probe (Chrono Boost)  
  17  0:57  Probe (Chrono Boost)  
  18  1:08  Probe (Chrono Boost)  
  19  1:20  Nexus  
  19  1:23  Probe (Chrono Boost)  
  20  1:33  Cybernetics Core  
  20  1:36  Probe (Chrono Boost)  
  21  1:41  Assimilator  
  21  1:47  Probe (Chrono Boost)  
  22  1:51  Pylon  
  22  1:57  Probe (Chrono Boost)  
  23  2:12  Mothership Core (Chrono Boost)  
  22  2:34  Probe (Chrono Boost)  
  22  2:35  Probe (Chrono Boost)  
  24  2:39  Adept  
  26  2:46  Probe x2 (Chrono Boost)  
  28  2:53  Stargate  
  29  2:58  Probe (Chrono Boost)  
  29  2:59  Warp Gate  
  29  3:02  Probe (Chrono Boost)  
  29  3:05  Adept  
  31  3:14  Probe (Chrono Boost)  
  31  3:15  Probe (Chrono Boost)  
  33  3:21  Pylon  
  33  3:25  Probe (Chrono Boost)  
  35  3:27  Probe (Chrono Boost)  
  35  3:34  Oracle  
  35  3:35  Probe (Chrono Boost)  
  35  3:41  Adept  
  39  3:48  Probe (Chrono Boost)  
  41  3:49  Probe (Chrono Boost)  
  41  3:53  Pylon  
  41  3:59  Probe (Chrono Boost)  
  41  4:01  Probe (Chrono Boost)  
  43  4:06  Oracle  
  43  4:12  Probe (Chrono Boost)  
  43  4:14  Probe (Chrono Boost)  
  48  4:24  Probe (Chrono Boost)  
  49  4:26  Probe (Chrono Boost)  
  46  4:36  Probe (Chrono Boost), Pylon  
  47  4:38  Phoenix  
  47  4:42  Probe (Chrono Boost)  
  46  4:48  Probe (Chrono Boost)  
  48  4:54  Probe (Chrono Boost)  
  47  5:00  Probe (Chrono Boost)  
  47  5:06  Probe (Chrono Boost)  
  48  5:12  Probe (Chrono Boost)  
  49  5:18  Probe (Chrono Boost)  
  49  5:21  Phoenix  
  50  5:24  Probe (Chrono Boost)  
  53  5:29  Nexus  
  53  5:30  Probe (Chrono Boost)  
  55  5:36  Probe (Chrono Boost)  
  55  5:37  Assimilator  
  56  5:43  Probe (Chrono Boost)  
  56  5:48  Probe (Chrono Boost)  
  55  5:52  Phoenix  
  55  5:55  Probe (Chrono Boost)  
  55  6:00  Probe (Chrono Boost)  
  55  6:03  Pylon  
  55  6:07  Probe (Chrono Boost)  
  55  6:11  Pylon  
  55  6:12  Probe (Chrono Boost)  
  55  6:14  Phoenix  
  58  6:19  Probe (Chrono Boost)  
  58  6:22  Probe (Chrono Boost)  
  59  6:31  Probe (Chrono Boost)  
  60  6:33  Probe (Chrono Boost)  
  60  6:35  Robotics Facility  
  61  6:40  Phoenix  
  61  6:41  Probe (Chrono Boost)  
  61  6:43  Probe (Chrono Boost)  
  61  6:46  Probe (Chrono Boost)  
  66  6:52  Probe (Chrono Boost)  
  68  6:55  Probe (Chrono Boost)  
  68  6:56  Probe (Chrono Boost)  
  65  7:02  Probe (Chrono Boost)  
  65  7:07  Probe (Chrono Boost)  
  65  7:08  Probe (Chrono Boost)  
  68  7:13  Probe (Chrono Boost)  
  68  7:16  Phoenix  
  68  7:17  Probe (Chrono Boost)  
  68  7:20  Twilight Council, Probe (Chrono Boost)  
  68  7:21  Forge  
  72  7:26  Observer  
  72  7:28  Probe (Chrono Boost)  
  75  7:31  Gateway  
  75  7:32  Probe (Chrono Boost)  
  75  7:33  Gateway  
  75  7:37  Gateway  
  75  7:41  Gateway  
  75  7:44  Gateway  
  75  7:45  Gateway  
  75  7:46  Phoenix  
  76  7:51  Adept  
  77  8:00  Assimilator  
  77  8:06  Pylon  
  77  8:07  Pylon  
  77  8:15  Protoss Ground Weapons Level 1  
  77  8:16  Resonating Glaives  
  73  8:21  Nexus  
  73  8:24  Phoenix  
  74  8:34  Pylon  
  74  8:36  Probe (Chrono Boost)  
  74  8:37  Pylon  
  76  8:41  Probe (Chrono Boost)  
  76  8:45  Sentry  
  78  8:48  Pylon  
  78  8:49  Pylon  
  78  8:53  Phoenix  
  82  9:03  Probe x2 (Chrono Boost), Adept x3  
  88  9:15  Probe (Chrono Boost)  
  88  9:16  Probe (Chrono Boost)  
  90  9:27  Probe (Chrono Boost)  
  90  9:28  Probe (Chrono Boost)  
  90  9:30  Phoenix  
  94  9:32  Adept x3  
  94  9:36  Probe (Chrono Boost)  
  102  9:39  Probe (Chrono Boost), Adept x3  
  103  9:53  Pylon  
  103  9:54  Protoss Ground Armor Level 1  
  103  9:55  Phoenix  
  103  9:56  Probe x2 (Chrono Boost)  
  107  10:03  Warp Prism  
  107  10:05  Pylon  
  108  10:16  Adept x6  
  119  10:22  Phoenix  
  121  10:40  Sentry x2  
  121  10:41  Stalker, Adept x2  
  131  10:44  Nexus  
  131  10:45  Observer  
  132  10:57  Pylon  
  132  11:05  Pylon  
  132  11:06  Adept x2  
  132  11:07  Adept x2  
  132  11:11  Adept x2  
  136  11:16  Probe (Chrono Boost)  
  136  11:17  Probe (Chrono Boost)  
  136  11:18  Probe (Chrono Boost)  
  108  11:30  Adept x4  
  108  11:31  Adept  
  118  11:32  Adept  
  118  11:34  Phoenix  
  122  11:41  Probe (Chrono Boost)  
  122  11:42  Probe x2 (Chrono Boost)  
  125  11:55  Adept x5  
  125  11:56  Adept  
  137  12:01  Phoenix  
  111  12:19  Adept  
  111  12:20  Adept x5  
  113  12:26  Phoenix  
  106  12:42  Adept x5  
Tags
 
Add a new tag
Caveats
  • Supply blocks, unpowered buildings, or Contaminate may cause inaccurate times.
  • Supply counts are checked every 10 seconds.